 Dungeon Crawl Stone Soup version 0.26-a0-712-ga5a9c9c9d0 (webtiles) character file.

Game seed: 793353174042165866

829 kae the Changer (level 7, -6/64 HPs)
             Began as an Octopode Transmuter on Nov 5, 2020.
             Was a Follower of Cheibriados.
             Mangled by a two-headed ogre
             ... wielding a +0 giant club
              (14 damage)
             ... on level 4 of the Dungeon.
             The game lasted 00:04:27 (7042 turns).

kae the Changer (Octopode Transmuter)               Turns: 7042, Time: 00:04:27

Health: -6/64      AC: 23    Str: 20    XL:     7   Next: 97%
Magic:  11/11      EV:  2    Int: 18    God:    Cheibriados [*.....]
Gold:   79         SH:  0    Dex: 16    Spells: 8/12 levels left

rFire    . . .     SeeInvis .     - Unarmed
rCold    . . .     Faith    .   (no shield)
rNeg     + + +     Spirit   .   (helmet currently unavailable)
rPois    +         Reflect  .   (no amulet)
rElec    .         Harm     .   e - ring of flight
rCorr    .         Rampage  .   k - ring of stealth
MR       .....     NoTele   +   l - +6 ring of strength
Stlth    ++........             (no ring)
HPRegen  0.20/turn              (no ring)
MPRegen  0.12/turn              (no ring)
                                (no ring)
                                (no ring)

@: tree-form, very slow
A: almost no armour, stealthy swim, (amphibious), 8 rings, (constrict 8)
a: Bend Time, Renounce Religion


You were on level 4 of the Dungeon.
You worshipped Cheibriados.
Cheibriados was aware of your devotion.
You were a tree.
You visited 1 branch of the dungeon, and saw 4 of its levels.

You collected 175 gold pieces.
You spent 96 gold pieces at shops.

Inventory:

Jewellery
 e - a ring of flight (left branch)
 k - a ring of stealth (right branch)
 l - a +6 ring of strength (on tentacle)
Scrolls
 a - 3 scrolls of identify
 b - a scroll of remove curse {unknown}
Potions
 c - a potion of cancellation
 d - 2 potions of berserk rage
 g - a potion of mutation
 h - 2 potions of degeneration
 j - a potion of might


   Skills:
 - Level 1.0 Fighting
 - Level 2.0 Dodging
 + Level 5.3 Unarmed Combat
 - Level 3.0 Spellcasting
 * Level 6.6 Transmutations
 - Level 3.0 Poison Magic


You had 8 spell levels left.
You knew the following spells:

 Your Spells              Type           Power        Failure   Level
a - Beastly Appendage     Tmut           ####..       1%          1
b - Spider Form           Tmut/Pois      ###.......   7%          3

Your spell library contained the following spells:

 Spells                   Type           Power        Failure   Level
 Wereblood                Tmut           ####....     1%          2
 Blade Hands              Tmut           ####......   28%         5
 Ice Form                 Ice/Tmut       ##......     38%         4


Dungeon Overview and Level Annotations

Branches:
Dungeon (4/15)
 Temple: D:4-7

Altars:
Cheibriados
Hepliaklqana
Sif Muna

Shops:
D:4 *

Annotations:
D:4 Ijyb


Innate Abilities, Weirdness & Mutations

You cannot wear most types of armour.
You are very stealthy in the water. (Stealth+)
((You are amphibious.))
You can wear up to eight rings at the same time.
((You can use your tentacles to constrict eight enemies at once.))
((Your skin changes colour to match your surroundings (Stealth+).))
((Your rubbery body absorbs attacks. (AC +1, EV +1)))


Message History

The quokka bites you but does no damage.
The two-headed ogre hits you with a +0 giant club!
The two-headed ogre hits you with a +0 giant spiked club.
You smack the two-headed ogre!
The two-headed ogre is heavily wounded.
The quokka bites you but does no damage.
You hit the two-headed ogre.
The two-headed ogre is severely wounded.
The two-headed ogre hits you with a +0 giant club!!
* * * LOW HITPOINT WARNING * * *
The two-headed ogre hits you but does no damage.
The quokka bites you.
* * * LOW HITPOINT WARNING * * *
You smack the two-headed ogre!
The two-headed ogre is almost dead.
The quokka barely misses you.
The two-headed ogre hits you with a +0 giant club.
* * * LOW HITPOINT WARNING * * *
The two-headed ogre hits you with a +0 giant spiked club!
You die...

...............#.# #(.#
####+#...#.#'###.#############..#
#.#.###[....#................#
#...........'...............##
#.#.###.....##################
###.###............ #####
#....##'######### #....
#...#........## #.###
#####.#.#.#....#♣(# #.#
....O..###....##Or# #.# ......
#######s... #.# S...##. ...###
#.### ......# #### #..# #.#<#
....... ...##..# #.#.# ..W...#
#..#.'#### #.#.# ...##.. .......#
#.#.# ...# #.$...# #.#.#


You could see a two-headed ogre, a scorpion and a quokka.

Vanquished Creatures
  2 phantoms (D:4)
  2 ogres (D:4)
  A howler monkey (D:3)
  An orc wizard (D:4)
  2 orc priests (D:3)
  A hound (D:4)
  A centaur skeleton (D:4)
  Natasha (twice) (D:2)
  3 worker ants (D:4)
  8 adders
  A shadow imp (D:4)
  2 oozes
  3 worms
  An adder skeleton (D:4)
  A dart slug (D:1)
  A leopard gecko (D:1)
  4 orcs
  2 ball pythons (D:1)
  5 giant cockroaches
  10 goblins
  13 hobgoblins
  6 jackals
  11 kobolds
  2 quokkas
  13 bats
  5 frilled lizards
  5 rats
108 creatures vanquished.

Notes
Turn   | Place    | Note
-------+----------+-------------------------------------------
     0 | D:1      | kae the Octopode Transmuter began the quest for the Orb.
     0 | D:1      | Reached XP level 1. HP: 13/13 MP: 3/3
   371 | D:1      | Reached XP level 2. HP: 18/18 MP: 3/5
   676 | D:1      | Reached skill level 3 in Transmutations
   788 | D:1      | Reached XP level 3. HP: 20/23 MP: 4/6
   793 | D:1      | Learned a level 3 spell: Spider Form
  1960 | D:2      | Reached XP level 4. HP: 16/28 MP: 5/7
  2137 | D:2      | Noticed Natasha
  2143 | D:2      | Killed Natasha
  2143 | D:2      | Reached skill level 1 in Poison Magic
  2736 | D:2      | Found a snail-covered altar of Cheibriados.
  2800 | D:2      | Noticed Natasha
  2807 | D:2      | Killed Natasha
  2807 | D:2      | Reached XP level 5. HP: 27/33 MP: 6/8
  3098 | D:2      | Reached skill level 4 in Transmutations
  3155 | D:2      | Found a shimmering blue altar of Sif Muna.
  3340 | D:2      | Became a worshipper of Cheibriados the Contemplative
  3533 | D:3      | Noticed an ogre
  3869 | D:3      | Reached XP level 6. HP: 24/38 MP: 3/10
  4401 | D:3      | Reached * piety under Cheibriados
  4834 | D:4      | Reached skill level 5 in Transmutations
  5408 | D:4      | Reached XP level 7. HP: 6/43 MP: 7/11
  6102 | D:4      | Noticed Ijyb
  6127 | D:4      | Found Udaw's General Store.
  6154 | D:4      | Bought a potion of mutation for 96 gold pieces
  6314 | D:4      | Reached skill level 6 in Transmutations
  6443 | D:4      | Reached skill level 5 in Unarmed Combat
  6446 | D:4      | Found a hazy altar of Hepliaklqana.
  6850 | D:4      | Noticed a two-headed ogre
  7042 | D:4      | Mangled by a two-headed ogre

Illustrated notes

Levels and vault maps discovered:
D:1:      tarquinn_simple_flora_water_f, layout_basic
D:2:      minmay_wonky_spiral, layout_loops_corners, lemuel_doored_altar,
          lemuel_blue_sif_altar, corexii_leaking_fountain, uniq_natasha
D:3:      layout_loops_ring, minivault_14
D:4:      layout_basic, marbit_many_paths, kennysheep_mini_moat, serial_shops,
          shop, minmay_manual_monstrance, uniq_ijyb

Skill      XL: |  1  2  3  4  5  6  7 |
---------------+----------------------+-----
Transmutations | 3 4 5 6 |  6.6
Poison Magic   | 1 2 3 |  3.0
Unarmed Combat | 4 5 |  5.3
Spellcasting   | 3 |  3.0
Fighting       | |  1.0
Dodging        | |  2.0

Action                   |  1- 3 |  4- 6 |  7- 9 || total
-------------------------+-------+-------+-------++-------
Melee: Unarmed           |    93 |   136 |    65 ||   294
       Constrict         |    27 |    34 |     4 ||    65
       Kick              |    15 |    19 |    10 ||    44
       Tentacles         |    15 |    13 |     7 ||    35
       Punch             |     1 |     1 |     1 ||     3
 Cast: Beastly Appendage |    20 |    27 |    10 ||    57
       Spider Form       |       |     4 |     2 ||     6
  Use: Potion            |       |     5 |     2 ||     7
       Scroll            |       |     7 |     2 ||     9
 Stab: Sleeping          |     5 |     2 |     7 ||    14
       Invisible         |       |     3 |       ||     3
Armor: Skin              |    22 |     9 |     9 ||    40
Dodge: Dodged            |    62 |    80 |    31 ||   173

Table legend: (Time is in decaauts)
 A = Elapsed time spent in this place.
 B = Non-inter-level travel time spent in this place.
 C = Inter-level travel time spent in this place.
 D = Time resting spent in this place.
 E = Time spent auto-exploring this place.
 F = Levels seen in this place.
 G = Mean time per level.
                   A        B        C        D        E       F      G
               +--------+--------+--------+--------+--------+-----+--------+
         Total |   7475 |   7309 |    166 |    876 |   5458 |   4 | 1868.8 |
       Dungeon |   7475 |   7309 |    166 |    876 |   5458 |   4 | 1868.8 |
               +--------+--------+--------+--------+--------+-----+--------+

Top non-repeatable levels by time:
     D:4: 2485 daAuts
     D:1: 1852 daAuts
     D:3: 1586 daAuts
     D:2: 1551 daAuts
